 Dungeon Crawl Stone Soup version 0.24.0-13-gcf9b319 (webtiles) character file.

Game seed: 6643003684402652657, levelgen mode: deterministic

30 Bronimir the Stinger (level 3, 0/25 HPs)
             Began as a Formicid Venom Mage on Apr 18, 2020.
             Slain by Sigmund
             ... wielding a +0 scythe
              (14 damage)
             ... on level 2 of the Dungeon.
             The game lasted 00:02:18 (1604 turns).

Bronimir the Stinger (Formicid Venom Mage)          Turns: 1604, Time: 00:02:19

Health: 0/25       AC:  3    Str: 12    XL:     3   Next: 35%
Magic:  5/7        EV: 12    Int: 15    God:
Gold:   60         SH:  0    Dex: 11    Spells: 1/7 levels left

rFire    . . .     SeeInvis +   e - +0 club
rCold    . . .     Gourm    .   (no shield)
rNeg     . . .     Faith    .   a - +0 robe
rPois    .         Spirit   .   (helmet unavailable)
rElec    .         Reflect  .   (no cloak)
rCorr    .         Harm     .   f - +0 pair of gloves
MR       .....                  (no boots)
Stlth    ++........             (no amulet)
HPRegen  0.08/turn              (no ring)
MPRegen  0.10/turn              (no ring)

@: no status effects
A: permanent stasis, dig shafts and tunnels, four strong arms, antennae 3
a: Dig, Shaft Self


You were on level 2 of the Dungeon.
You were very hungry.

You visited 1 branch of the dungeon, and saw 2 of its levels.

You collected 60 gold pieces.

Inventory:

Hand Weapons
 d - a +0 dagger
 e - a +0 club (weapon)
Missiles
 b - 40 stones (quivered)
Armour
 a - a +0 robe (worn)
 f - a +0 pair of gloves (worn)
Scrolls
 g - a scroll of immolation {unknown}
 h - a scroll of amnesia {unknown}
Comestibles
 c - a ration


   Skills:
 * Level 0.8 Fighting
 * Level 0.7 Armour
 + Level 1.8 Dodging
 - Level 2.4 Stealth
 + Level 0.2 Unarmed Combat
 * Level 2.7 Spellcasting
 * Level 1.1 Conjurations
 * Level 4.5 Poison Magic


You had one spell level left.
You knew the following spells:

 Your Spells              Type           Power        Failure   Level  Hunger
a - Sting                 Conj/Pois      ##..         7%          1    #......
b - Poisonous Vapours     Pois/Air       #.....       12%         2    ##.....
c - Mephitic Cloud        Conj/Pois/Air  #.......     28%         3    ###....

Your spell library contained the following spells:

 Spells                   Type           Power        Failure   Level  Hunger
 Olgreb's Toxic Radiance  Pois           ###.....     32%         4    #####..
 Venom Bolt               Conj/Pois      ##........   88%         5    ######.


Dungeon Overview and Level Annotations

Branches:
Dungeon (2/15)

Altars:

Annotations:
D:2 Sigmund


Innate Abilities, Weirdness & Mutations

You cannot be hasted, slowed, berserked, paralysed or teleported.
You can dig through walls and to a lower floor.
Your four strong arms can wield two-handed weapons with a shield.
You have a pair of large antennae on your head. (SInv)


Message History

You are feeling hungry.
You start resting.
HP restored.
You start waiting.
You are feeling very hungry.
You climb downwards.
Level annotation: Sigmund The gnoll hits you with a +0 whip. x2
There is a stone staircase leading up, spattered with blood here.
Casting: Mephitic Cloud (safe; 28% risk of failure)
Confirm with . or Enter, or press ? or * to list all spells.
Aiming: Poisonous Vapours (safe; 12% risk of failure)
Press: ? - help, Dir - move target cursor, f - gnoll
Aim: a gnoll, wielding a +0 whip Poisonous vapours surround the gnoll!
The gnoll is engulfed in poison gas.
The gnoll is poisoned.
The gnoll hits you with a +0 whip!
Sigmund says, "Now you see me, now you don't..."
Sigmund hits you from afar with a +0 scythe!
Ouch! That really hurt!
You die...

.#### #.#.. #...#
####...# ......#
.....# #
#....#####
#.###g........
#..@gb..###..#
########@........
.r...{g....####.#
##########.# .#
.# .# .# .#


You could see Sigmund, 2 gnolls and a bat.

Vanquished Creatures
  A gnoll (D:2)
  A dart slug (D:1)
  3 giant cockroaches (D:1)
  2 goblins (D:1)
  4 hobgoblins (D:1)
  3 kobolds (D:1)
  2 bats (D:1)
  A frilled lizard (D:1)
  3 rats (D:1)
20 creatures vanquished.

Notes
Turn   | Place    | Note
-------+----------+-------------------------------------------
     0 | D:1      | Bronimir the Formicid Venom Mage began the quest for the
                  | Orb.
     0 | D:1      | Reached XP level 1. HP: 13/13 MP: 3/3
   229 | D:1      | Reached XP level 2. HP: 20/20 MP: 0/5
   324 | D:1      | Reached skill level 1 in Conjurations
   577 | D:1      | Learned a level 2 spell: Poisonous Vapours
  1074 | D:1      | Reached XP level 3. HP: 24/25 MP: 6/6
  1347 | D:2      | Noticed Sigmund
  1354 | D:2      | Learned a level 3 spell: Mephitic Cloud
  1604 | D:2      | Slain by Sigmund

Levels and vault maps discovered:
D:1:      doesnt_arrival_eight_statues, layout_basic
D:2:      layout_loops_ring, first_ration, uniq_sigmund

Skill      XL: |  1  2 |
---------------+-------+-----
Conjurations   | 1 |  1.1
Fighting       | |  0.8
Armour         | |  0.7
Dodging        | |  1.8
Stealth        | |  2.4
Unarmed Combat | |  0.2
Spellcasting   | |  2.7
Poison Magic   | |  4.5

Action                   || total
-------------------------++-------
Melee: Unarmed           ||    12
       Club              ||    19
 Cast: Sting             ||    16
       Poisonous Vapours ||     9
       Mephitic Cloud    ||     1
  Eat: Chunk             ||     2
Armor: Robe              ||    12
Dodge: Dodged            ||    42
